Flames vs Blackhawks
Created - January 17, 2022 at 20:34
Goals
|
| Flames |
2 |
2 |
1 |
5 |
| Blackhawks |
1 |
0 |
1 |
2 |
|
Shots
|
| Flames |
13 |
16 |
7 |
36 |
| Blackhawks |
11 |
10 |
8 |
29 |
|
1st period
1. Blackhawks , Blake Wheeler 3 (Derick Brassard 16, Antoine Roussel 6) at 8:07
2. Flames , Anders Lee 1 (Erik Johnson 13) at 15:05
3. Flames , Jimmy Hayes 5 (Brad Marchand 6, Patrik Berglund 6) at 17:18
Penalties :
Esa Lindell (Cal) for Hooking (Minor) at 1:01, Matthew Spiller (Chi) for Roughing (Minor) at 10:32
2nd period
4. Flames , Colin Wilson 3 (Tanner Pearson 2, Christian Folin 4) at 3:29
5. Flames , Eric Staal 8 (David Backes 10, Esa Lindell 6) at 14:49
Penalties :
Alexander Semin (Cal) for Hooking (Minor) at 0:52, Christian Folin (Cal) for Holding (Minor) at 10:32
3rd period
6. Blackhawks , Brett Maclean 2 (Tom Wilson 1, Nick Bonino 3) at 15:27
7. Flames , Eric Staal 9 (Sami Vatanen 4, David Backes 11) at 18:02 (PP)
Penalties :
Christian Folin (Cal) for Roughing (Minor) at 2:13, Rick Nash (Chi) for High sticking (Minor) at 3:41, Alexander Frolov (Chi) for Slashing (Minor) at 13:05, Tuukka Rask (Chi) for Delaying the game (Minor) at 17:34 - Rick Nash served the penalty
Goalie Stats
Henrik Lundqvist (Cal), 27 saves from 29 shots - (0.931), W, 5-8-2, 60:00 minutes
Tuukka Rask (Chi), 31 saves from 36 shots - (0.861), L, 4-5-4, 60:00 minutes
Players Stats for Flames
Player Name G A P +/- PIM S H SB GA TA FO MP PP MP PK MP
------------------------------------------------------------------------------------
Alexander Semin 0 0 0 0 2 1 1 0 3 1 3/4 19:14 3:03 1:12
Anders Lee 1 0 1 0 0 1 0 0 0 1 4/5 10:14 0:00 0:28
Brad Marchand 0 1 1 1 0 2 1 2 0 0 0/0 11:15 0:00 0:53
Brendan Mikkelson 0 0 0 0 0 0 0 2 0 1 0/0 18:02 0:32 4:28
Bryan Rust 0 0 0 1 0 1 2 0 0 0 1/2 15:44 0:15 4:00
Christian Folin 0 1 1 2 4 1 1 1 0 2 0/0 19:27 2:34 1:46
Colin Wilson 1 0 1 1 0 2 0 0 0 0 2/4 10:55 0:20 0:00
David Backes 0 2 2 0 0 7 0 0 2 0 1/2 18:15 2:59 0:00
David Savard 0 0 0 1 0 2 0 0 1 2 0/0 15:58 0:00 3:45
David Ullstrom 0 0 0 0 0 0 0 0 0 0 0/0 9:07 0:00 0:00
Eric Staal 2 0 2 0 0 9 0 0 0 0 18/29 21:14 2:58 2:13
Erik Johnson 0 1 1 0 0 2 2 3 0 0 0/0 27:54 3:01 4:21
Esa Lindell 0 1 1 1 2 2 0 0 1 0 0/0 17:57 2:53 0:30
Jimmy Hayes 1 0 1 1 0 2 1 1 0 2 0/1 12:31 2:38 0:00
Kyle Palmieri 0 0 0 0 0 2 1 1 0 0 0/0 12:35 0:00 2:13
Patrik Berglund 0 1 1 1 0 0 3 1 0 0 5/13 16:48 2:38 3:51
Sami Vatanen 0 1 1 0 0 1 0 5 0 1 0/0 22:03 3:01 0:00
Tanner Pearson 0 1 1 1 0 1 3 0 1 0 0/0 12:47 2:38 0:00
Players Stats for Blackhawks
Player Name G A P +/- PIM S H SB GA TA FO MP PP MP PK MP
------------------------------------------------------------------------------------
Alexander Frolov 0 0 0 -1 2 1 2 1 0 0 0/0 11:08 0:02 1:07
Antoine Roussel 0 1 1 0 0 2 2 0 2 0 1/2 16:31 3:23 1:47
Blake Wheeler 1 0 1 0 0 1 1 0 0 0 1/1 14:41 3:23 0:00
Brett Maclean 1 0 1 0 0 4 0 0 0 0 0/0 9:30 0:00 0:06
Calvin de Haan 0 0 0 0 0 2 0 0 2 0 0/0 20:05 3:31 2:42
Dalton Prout 0 0 0 0 0 0 1 1 1 0 0/0 20:05 3:31 2:42
Derick Brassard 0 1 1 0 0 0 0 1 1 0 4/12 17:11 3:23 2:29
Garnet Hathaway 0 0 0 -1 0 0 0 0 0 0 0/2 8:47 0:03 0:00
James Wright 0 0 0 -1 0 1 0 0 0 0 1/3 10:27 0:02 0:24
Jamie McBain 0 0 0 -1 0 1 1 0 0 4 0/0 28:35 3:54 3:12
John Carlson 0 0 0 -1 0 2 6 2 1 0 0/0 28:35 3:54 3:12
Johnny Gaudreau 0 0 0 -1 0 7 1 1 0 1 1/2 22:51 4:00 2:54
Jordan Staal 0 0 0 -1 0 3 1 0 1 1 16/30 22:58 4:00 3:01
Matthew Spiller 0 0 0 -1 2 0 1 1 0 1 0/0 11:21 0:00 0:00
Nick Bonino 0 1 1 0 0 1 2 0 1 0 2/4 9:24 0:00 0:00
Nikita Zadorov 0 0 0 -1 0 0 0 2 0 1 0/0 11:20 0:00 0:00
Rick Nash 0 0 0 -1 2 4 1 1 0 0 0/3 20:39 3:58 0:00
Tom Wilson 0 1 1 0 0 0 0 0 1 0 0/1 9:24 0:00 0:00
3 Stars
1 - Eric Staal (Cal)
2 - Jimmy Hayes (Cal)
3 - Colin Wilson (Cal)
Power Play
Flames - 1 on 4 Attempt(s) - 25.00%
Blackhawks - 0 on 4 Attempt(s) - 0.00%
Penalty Kill
Flames - 4 on 4 Attempt(s) - 100.00%
- Score 0 goal in Penalty Kill
Blackhawks - 3 on 4 Attempt(s) - 75.00%
- Score 0 goal in Penalty Kill
Team Stat
Flames - Hits : 15 - Faceoff Wins : 34 - Blocked Shots : 16 - Penalty Minutes : 8
Blackhawks - Hits : 19 - Faceoff Wins : 26 - Blocked Shots : 10 - Penalty Minutes : 8
Official
Referees : Ian Walsh and Dan O'Rourke
Linesman : Jesse Marquis and David Brisebois
Game Notes
No Game Note
Finance
Level 1 -- Attendance: 5496 (91.60%) -- Ticket Income $549,600
Level 2 -- Attendance: 4381 (87.62%) -- Ticket Income $262,860
Level 3 -- Attendance: 1908 (95.40%) -- Ticket Income $66,780
Level 4 -- Attendance: 3936 (98.40%) -- Ticket Income $98,400
Luxury Box -- Attendance: 875 (87.50%) -- Ticket Income $175,000
Game was played at the United Center.
Total Attendance: 16596 (92.20%)
Total Ticket Income: $1,152,640
Other Income: $172,896
Total Income: $1,325,536
Flames
5 vs 5 Forward
Center Left Wing Right Wing Time % Phy DF OF
1 Eric Staal Alexander Semin David Backes 40 1 2 2
2 Patrik Berglund Brad Marchand Jimmy Hayes 30 1 2 2
3 Colin Wilson Tanner Pearson Bryan Rust 20 1 2 2
4 Anders Lee David Ullstrom Kyle Palmieri 10 1 2 2
5 vs 5 Defense
Defense Defense Time % Phy DF OF
1 Erik Johnson Sami Vatanen 40 1 2 2
2 Esa Lindell Christian Folin 31 1 2 2
3 David Savard Brendan Mikkelson 22 1 2 2
4 Erik Johnson Brendan Mikkelson 7 1 2 2
PowerPlay Forward
Center Left Wing Right Wing Time % Phy DF OF
1 Eric Staal Alexander Semin David Backes 60 1 1 3
2 Patrik Berglund Tanner Pearson Jimmy Hayes 40 1 2 2
PowerPlay Defense
Defense Defense Time % Phy DF OF
1 Erik Johnson Sami Vatanen 60 1 1 3
2 Esa Lindell Christian Folin 40 1 2 2
Penalty Kill 4 Players Forward
Center Wing Time % Phy DF OF
1 Patrik Berglund Bryan Rust 60 1 2 2
2 Eric Staal Kyle Palmieri 40 1 2 2
Penalty Kill 4 Players Defense
Defense Defense Time % Phy DF OF
1 Erik Johnson Brendan Mikkelson 60 1 2 2
2 David Savard Christian Folin 40 1 2 2
Penalty Kill - 3 Players Forward
Forward Time % Phy DF OF
1 Brad Marchand 60 1 2 2
2 Bryan Rust 40 1 2 2
Penalty Kill - 3 Players Defense
Defense Defense Time % Phy DF OF
1 Erik Johnson Brendan Mikkelson 60 1 2 2
2 David Savard Christian Folin 40 1 2 2
4 vs 4 Forward
Center Wing Time % Phy DF OF
1 Eric Staal David Backes 60 1 2 2
2 Patrik Berglund Alexander Semin 40 1 2 2
4 vs 4 Defense
Defense Defense Time % Phy DF OF
1 Erik Johnson Sami Vatanen 60 1 2 2
2 Esa Lindell Christian Folin 40 1 2 2
Last Minutes Offensive
Center Left Wing Right Wing Defense Defense
Eric Staal Alexander Semin David Backes Erik Johnson Sami Vatanen
Last Minutes Defensive
Center Left Wing Right Wing Defense Defense
Eric Staal Alexander Semin David Backes Erik Johnson Sami Vatanen
Goaltenders
Starting : Henrik Lundqvist
Backup : Christopher Gibson
Extra Forwards
Normal : Brad Marchand, Bryan Rust, Colin Wilson - PP : Tanner Pearson, Colin Wilson - PK : Alexander Semin
Extra Defensemen
Normal : Esa Lindell, Christian Folin, Brendan Mikkelson - PP : Esa Lindell - PK : Christian Folin, Brendan Mikkelson
Penalty Shots
Eric Staal, Alexander Semin, Tanner Pearson, Patrik Berglund, Anders Lee
Scratches
Colby Robak (Separated Right Shoulder Injury), Vladimir Sobotka (Healthy)
Blackhawks
5 vs 5 Forward
Center Left Wing Right Wing Time % Phy DF OF
1 Jordan Staal Johnny Gaudreau Rick Nash 40 1 2 2
2 Derick Brassard Antoine Roussel Blake Wheeler 30 1 2 2
3 James Wright Alexander Frolov Garnet Hathaway 20 2 1 2
4 Nick Bonino Brett Maclean Tom Wilson 10 1 2 2
5 vs 5 Defense
Defense Defense Time % Phy DF OF
1 John Carlson Jamie McBain 40 1 2 2
2 Dalton Prout Calvin de Haan 30 1 2 2
3 Matthew Spiller Nikita Zadorov 20 1 3 1
4 John Carlson Jamie McBain 10 1 2 2
PowerPlay Forward
Center Left Wing Right Wing Time % Phy DF OF
1 Jordan Staal Johnny Gaudreau Rick Nash 60 0 0 5
2 Derick Brassard Antoine Roussel Blake Wheeler 40 0 0 5
PowerPlay Defense
Defense Defense Time % Phy DF OF
1 John Carlson Jamie McBain 60 0 1 4
2 Dalton Prout Calvin de Haan 40 0 1 4
Penalty Kill 4 Players Forward
Center Wing Time % Phy DF OF
1 Jordan Staal Johnny Gaudreau 60 1 4 0
2 Derick Brassard Antoine Roussel 40 1 4 0
Penalty Kill 4 Players Defense
Defense Defense Time % Phy DF OF
1 John Carlson Jamie McBain 60 1 4 0
2 Dalton Prout Calvin de Haan 40 1 4 0
Penalty Kill - 3 Players Forward
Forward Time % Phy DF OF
1 Jordan Staal 60 0 5 0
2 Derick Brassard 40 0 5 0
Penalty Kill - 3 Players Defense
Defense Defense Time % Phy DF OF
1 John Carlson Jamie McBain 60 0 5 0
2 Dalton Prout Calvin de Haan 40 0 5 0
4 vs 4 Forward
Center Wing Time % Phy DF OF
1 Jordan Staal Johnny Gaudreau 60 1 1 3
2 Derick Brassard Antoine Roussel 40 0 2 3
4 vs 4 Defense
Defense Defense Time % Phy DF OF
1 John Carlson Jamie McBain 60 0 2 3
2 Dalton Prout Calvin de Haan 40 1 2 2
Last Minutes Offensive
Center Left Wing Right Wing Defense Defense
Jordan Staal Johnny Gaudreau Rick Nash John Carlson Jamie McBain
Last Minutes Defensive
Center Left Wing Right Wing Defense Defense
Jordan Staal Johnny Gaudreau Rick Nash John Carlson Jamie McBain
Goaltenders
Starting : Tuukka Rask
Backup : Josh Harding
Extra Forwards
Normal : Derick Brassard, Blake Wheeler, Alexander Frolov - PP : Derick Brassard, Blake Wheeler - PK : Derick Brassard
Extra Defensemen
Normal : Calvin de Haan, Matthew Spiller, Nikita Zadorov - PP : Calvin de Haan - PK : Calvin de Haan, Matthew Spiller
Penalty Shots
Johnny Gaudreau, Antoine Roussel, Jordan Staal, Rick Nash, Derick Brassard
Scratches
Stefan Matteau (Separated Left Shoulder Injury)
% Time on Ice - Flames
Lines # - Real PCT - Wanted PCT - Time Play
Normal Forward
1 - 33% - 40% - 15:26
2 - 24% - 30% - 11:08
3 - 23% - 20% - 10:29
4 - 20% - 10% - 9:07
Normal Defense
1 - 44% - 40% - 20:14
2 - 32% - 31% - 14:37
3 - 23% - 22% - 10:48
4 - 1% - 7% - 0:31
PP Forward
1 - 55% - 60% - 3:16
2 - 45% - 40% - 2:38
PP Defense
1 - 51% - 60% - 3:01
2 - 49% - 40% - 2:53
PK Forward
1 - 70% - 60% - 5:12
2 - 30% - 40% - 2:13
PK Defense
1 - 49% - 60% - 3:40
2 - 51% - 40% - 3:45
PK3 Forward
1 - 0% - 60%
2 - 0% - 40%
PK3 Defense
1 - 0% - 60%
2 - 0% - 40%
44 Forward
1 - 100% - 60% - 0:31
2 - 0% - 40% - 0:00
44 Defense
1 - 94% - 60% - 0:29
2 - 6% - 40% - 0:02
Last Minute Offensive - 0:00
Last Minute Defensive - 0:00
Total
Forward - 60:00
Defense - 60:00
|
% Time on Ice - Blackhawks
Lines # - Real PCT - Wanted PCT - Time Play
Normal Forward
1 - 36% - 40% - 16:42
2 - 25% - 30% - 11:20
3 - 19% - 20% - 8:44
4 - 20% - 10% - 9:24
Normal Defense
1 - 41% - 40% - 18:48
2 - 30% - 30% - 13:52
3 - 25% - 20% - 11:20
4 - 5% - 10% - 2:10
PP Forward
1 - 54% - 60% - 4:02
2 - 46% - 40% - 3:23
PP Defense
1 - 53% - 60% - 3:54
2 - 47% - 40% - 3:31
PK Forward
1 - 80% - 60% - 4:43
2 - 20% - 40% - 1:11
PK Defense
1 - 54% - 60% - 3:12
2 - 46% - 40% - 2:42
PK3 Forward
1 - 0% - 60%
2 - 0% - 40%
PK3 Defense
1 - 0% - 60%
2 - 0% - 40%
44 Forward
1 - 100% - 60% - 0:31
2 - 0% - 40% - 0:00
44 Defense
1 - 100% - 60% - 0:31
2 - 0% - 40% - 0:00
Last Minute Offensive - 0:00
Last Minute Defensive - 0:00
Total
Forward - 60:00
Defense - 60:00
|
Play-by-Play
1st period
0:01 of 1st period - Jordan Staal wins face-off versus Eric Staal in neutral zone.
0:26 of 1st period - Sami Vatanen is hit by Jamie McBain and loses puck.
1:01 of 1st period - Minor Penalty to Esa Lindell for Hooking.
1:02 of 1st period - Jordan Staal wins face-off versus Patrik Berglund in Flames zone.
3:01 of 1st period - Penalty to Esa Lindell is over, Esa Lindell is back on ice.
4:13 of 1st period - Snap shot by James Wright.
4:13 of 1st period - Stopped by Henrik Lundqvist with a rebound.
4:15 of 1st period - Slapshot by Jamie McBain.
4:15 of 1st period - Stopped by Henrik Lundqvist without a rebound.
4:16 of 1st period - Colin Wilson wins face-off versus Derick Brassard in Flames zone.
4:16 of 1st period - Colin Wilson is hit by Antoine Roussel.
4:50 of 1st period - Nick Bonino is hit by Patrik Berglund and loses puck.
5:09 of 1st period - Slapshot by Sami Vatanen.
5:09 of 1st period - Stopped by Tuukka Rask without a rebound.
5:10 of 1st period - Bryan Rust wins face-off versus Derick Brassard in Blackhawks zone.
5:38 of 1st period - Off-side.
5:39 of 1st period - Patrik Berglund wins face-off versus Nick Bonino in neutral zone.
6:54 of 1st period - Slapshot by David Savard.
6:54 of 1st period - Stopped by Tuukka Rask without a rebound.
6:55 of 1st period - Eric Staal wins face-off versus James Wright in Blackhawks zone.
7:02 of 1st period - Wrist shot by Alexander Semin.
7:02 of 1st period - Shot Misses the Net.
7:06 of 1st period - Wrist shot by Eric Staal.
7:06 of 1st period - Stopped by Tuukka Rask with a rebound.
7:08 of 1st period - Slapshot by Esa Lindell.
7:08 of 1st period - Shot Blocked by John Carlson.
7:10 of 1st period - Snap shot by Christian Folin.
7:10 of 1st period - Stopped by Tuukka Rask without a rebound.
7:11 of 1st period - Anders Lee wins face-off versus Jordan Staal in Blackhawks zone.
7:38 of 1st period - Christian Folin is hit by Alexander Frolov and loses puck.
8:05 of 1st period - Snap shot by Derick Brassard.
8:05 of 1st period - Shot Blocked by Christian Folin.
8:07 of 1st period - Wrist shot by Blake Wheeler.
8:07 of 1st period - Deflect By Christian Folin.
8:07 of 1st period - Goal by Blake Wheeler - Flames : 0 - Blackhawks : 1.
8:08 of 1st period - Jordan Staal wins face-off versus Eric Staal in neutral zone.
8:13 of 1st period - Snap shot by Johnny Gaudreau.
8:13 of 1st period - Shot Misses the Net.
8:15 of 1st period - Wrist shot by Rick Nash.
8:15 of 1st period - Stopped by Henrik Lundqvist without a rebound.
8:16 of 1st period - Eric Staal wins face-off versus Jordan Staal in Flames zone.
8:37 of 1st period - Wrist shot by Jordan Staal.
8:37 of 1st period - Shot Blocked by Brendan Mikkelson.
8:39 of 1st period - Wrist shot by Rick Nash.
8:39 of 1st period - Shot Misses the Net.
8:41 of 1st period - Snap shot by Johnny Gaudreau.
8:41 of 1st period - Stopped by Henrik Lundqvist without a rebound.
8:42 of 1st period - Derick Brassard wins face-off versus Patrik Berglund in Flames zone.
8:53 of 1st period - Wrist shot by Brad Marchand.
8:53 of 1st period - Stopped by Tuukka Rask without a rebound.
8:54 of 1st period - Eric Staal wins face-off versus Derick Brassard in Blackhawks zone.
9:18 of 1st period - Icing by John Carlson.
9:19 of 1st period - Derick Brassard wins face-off versus Colin Wilson in Blackhawks zone.
9:19 of 1st period - Derick Brassard is hit by Tanner Pearson.
9:25 of 1st period - Brendan Mikkelson is hit by Rick Nash and loses puck.
10:18 of 1st period - Slapshot by Erik Johnson.
10:18 of 1st period - Stopped by Tuukka Rask with a rebound.
10:20 of 1st period - Slapshot by Sami Vatanen.
10:20 of 1st period - Shot Blocked by Derick Brassard.
10:22 of 1st period - Slapshot by Erik Johnson.
10:22 of 1st period - Shot Misses the Net.
10:24 of 1st period - Snap shot by Alexander Semin.
10:24 of 1st period - Shot Blocked by Matthew Spiller.
10:26 of 1st period - Backhand shot by Sami Vatanen.
10:26 of 1st period - Shot Blocked by Nikita Zadorov.
10:32 of 1st period - Minor Penalty to Matthew Spiller for Roughing.
10:33 of 1st period - Jordan Staal wins face-off versus David Backes in Blackhawks zone.
12:32 of 1st period - Penalty to Matthew Spiller is over, Matthew Spiller is back on ice.
13:25 of 1st period - Wrist shot by Antoine Roussel.
13:25 of 1st period - Stopped by Henrik Lundqvist without a rebound.
13:26 of 1st period - Anders Lee wins face-off versus Jordan Staal in Flames zone.
13:37 of 1st period - Snap shot by Rick Nash.
13:37 of 1st period - Stopped by Henrik Lundqvist with a rebound.
13:51 of 1st period - Dalton Prout is hit by Alexander Semin and loses puck.
14:18 of 1st period - Antoine Roussel is hit by Jimmy Hayes and loses puck.
15:03 of 1st period - Snap shot by Erik Johnson.
15:03 of 1st period - Stopped by Tuukka Rask with a rebound.
15:05 of 1st period - Backhand shot by Anders Lee.
15:05 of 1st period - Goal by Anders Lee - Flames : 1 - Blackhawks : 1.
15:06 of 1st period - Jordan Staal wins face-off versus Eric Staal in neutral zone.
15:11 of 1st period - Snap shot by Johnny Gaudreau.
15:11 of 1st period - Stopped by Henrik Lundqvist without a rebound.
15:12 of 1st period - Eric Staal wins face-off versus Jordan Staal in Flames zone.
15:47 of 1st period - Slapshot by Antoine Roussel.
15:47 of 1st period - Shot Misses the Net.
15:49 of 1st period - Slapshot by John Carlson.
15:49 of 1st period - Shot Blocked by Sami Vatanen.
16:45 of 1st period - Slapshot by Johnny Gaudreau.
16:45 of 1st period - Stopped by Henrik Lundqvist without a rebound.
16:46 of 1st period - Eric Staal wins face-off versus Jordan Staal in Flames zone.
16:51 of 1st period - Snap shot by David Backes.
16:51 of 1st period - Stopped by Tuukka Rask without a rebound.
16:52 of 1st period - Eric Staal wins face-off versus Rick Nash in Blackhawks zone.
16:55 of 1st period - Wrist shot by David Backes.
16:55 of 1st period - Stopped by Tuukka Rask without a rebound.
16:56 of 1st period - Eric Staal wins face-off versus Jordan Staal in Blackhawks zone.
17:10 of 1st period - Snap shot by Alexander Semin.
17:10 of 1st period - Stopped by Tuukka Rask without a rebound.
17:11 of 1st period - Patrik Berglund wins face-off versus Derick Brassard in Blackhawks zone.
17:14 of 1st period - Snap shot by Patrik Berglund.
17:14 of 1st period - Shot Misses the Net.
17:16 of 1st period - Snap shot by Brad Marchand.
17:16 of 1st period - Shot Misses the Net.
17:18 of 1st period - Wrist shot by Jimmy Hayes.
17:18 of 1st period - Goal by Jimmy Hayes - Flames : 2 - Blackhawks : 1.
17:19 of 1st period - Eric Staal wins face-off versus Rick Nash in neutral zone.
17:36 of 1st period - Snap shot by David Backes.
17:36 of 1st period - Shot Misses the Net.
17:46 of 1st period - Jordan Staal is hit by Bryan Rust and loses puck.
18:00 of 1st period - Slapshot by Johnny Gaudreau.
18:00 of 1st period - Shot Misses the Net.
18:02 of 1st period - Slapshot by Jordan Staal.
18:02 of 1st period - Stopped by Henrik Lundqvist without a rebound.
18:03 of 1st period - Antoine Roussel wins face-off versus Eric Staal in Flames zone.
18:32 of 1st period - Slapshot by Calvin de Haan.
18:32 of 1st period - Stopped by Henrik Lundqvist with a rebound.
18:52 of 1st period - Jamie McBain is hit by Tanner Pearson and loses puck.
19:16 of 1st period - Off-side.
19:17 of 1st period - David Backes wins face-off versus Derick Brassard in neutral zone.
19:26 of 1st period - Snap shot by Eric Staal.
19:26 of 1st period - Stopped by Tuukka Rask without a rebound.
19:27 of 1st period - Eric Staal wins face-off versus Derick Brassard in Blackhawks zone.
19:58 of 1st period - Snap shot by Derick Brassard.
19:58 of 1st period - Shot Misses the Net.
Goals for this period are 2 for Flames vs 1 for Blackhawks.
Shots for this period are 13 for Flames vs 11 for Blackhawks.
2nd period
0:01 of 2nd period - Patrik Berglund wins face-off versus Jordan Staal in neutral zone.
0:26 of 2nd period - Wrist shot by Derick Brassard.
0:26 of 2nd period - Shot Blocked by Erik Johnson.
0:28 of 2nd period - Slapshot by Dalton Prout.
0:28 of 2nd period - Shot Blocked by Brendan Mikkelson.
0:30 of 2nd period - Backhand shot by Antoine Roussel.
0:30 of 2nd period - Stopped by Henrik Lundqvist without a rebound.
0:31 of 2nd period - Eric Staal wins face-off versus Garnet Hathaway in Flames zone.
0:52 of 2nd period - Minor Penalty to Alexander Semin for Hooking.
0:53 of 2nd period - Jordan Staal wins face-off versus Patrik Berglund in Flames zone.
1:20 of 2nd period - Bryan Rust is hit by John Carlson and loses puck.
2:47 of 2nd period - Johnny Gaudreau is hit by Brad Marchand.
2:51 of 2nd period - Jordan Staal is hit by Christian Folin and loses puck.
2:52 of 2nd period - Penalty to Alexander Semin is over, Alexander Semin is back on ice.
3:04 of 2nd period - Slapshot by David Savard.
3:04 of 2nd period - Stopped by Tuukka Rask with a rebound.
3:10 of 2nd period - David Savard is hit by Alexander Frolov and loses puck.
3:27 of 2nd period - Snap shot by Tanner Pearson.
3:27 of 2nd period - Stopped by Tuukka Rask with a rebound.
3:29 of 2nd period - Snap shot by Colin Wilson.
3:29 of 2nd period - Goal by Colin Wilson - Flames : 3 - Blackhawks : 1.
3:30 of 2nd period - Derick Brassard wins face-off versus Patrik Berglund in neutral zone.
3:39 of 2nd period - Wrist shot by Derick Brassard.
3:39 of 2nd period - Shot Misses the Net.
3:57 of 2nd period - Jamie McBain is hit by Erik Johnson and loses puck.
4:04 of 2nd period - Slapshot by Alexander Semin.
4:04 of 2nd period - Shot Misses the Net.
4:06 of 2nd period - Wrist shot by Brendan Mikkelson.
4:06 of 2nd period - Deflect By Eric Staal.
4:06 of 2nd period - Stopped by Tuukka Rask with a rebound.
4:40 of 2nd period - Wrist shot by Kyle Palmieri.
4:40 of 2nd period - Stopped by Tuukka Rask without a rebound.
4:41 of 2nd period - Anders Lee wins face-off versus Nick Bonino in Blackhawks zone.
4:42 of 2nd period - Snap shot by Kyle Palmieri.
4:42 of 2nd period - Stopped by Tuukka Rask with a rebound.
5:08 of 2nd period - Sami Vatanen is hit by Nick Bonino and loses puck.
6:14 of 2nd period - Tom Wilson is hit by Kyle Palmieri and loses puck.
6:21 of 2nd period - Snap shot by Kyle Palmieri.
6:21 of 2nd period - Deflect By John Carlson.
6:21 of 2nd period - Shot Misses the Net.
6:21 of 2nd period - Puck is out of play.
6:22 of 2nd period - Jordan Staal wins face-off versus Jimmy Hayes in Blackhawks zone.
6:31 of 2nd period - Snap shot by Johnny Gaudreau.
6:31 of 2nd period - Stopped by Henrik Lundqvist without a rebound.
6:32 of 2nd period - Jordan Staal wins face-off versus Patrik Berglund in Flames zone.
6:51 of 2nd period - Sami Vatanen is hit by Dalton Prout.
6:55 of 2nd period - Snap shot by Johnny Gaudreau.
6:55 of 2nd period - Shot Misses the Net.
6:57 of 2nd period - Slapshot by Dalton Prout.
6:57 of 2nd period - Shot Blocked by Brad Marchand.
6:59 of 2nd period - Snap shot by Calvin de Haan.
6:59 of 2nd period - Deflect By Sami Vatanen.
6:59 of 2nd period - Stopped by Henrik Lundqvist without a rebound.
7:00 of 2nd period - Eric Staal wins face-off versus Derick Brassard in Flames zone.
7:53 of 2nd period - Alexander Frolov is hit by Patrik Berglund and loses puck.
8:28 of 2nd period - Nikita Zadorov is hit by Bryan Rust and loses puck.
8:39 of 2nd period - Wrist shot by Brett Maclean.
8:39 of 2nd period - Stopped by Henrik Lundqvist without a rebound.
8:40 of 2nd period - Anders Lee wins face-off versus Tom Wilson in Flames zone.
8:47 of 2nd period - Wrist shot by Nick Bonino.
8:47 of 2nd period - Shot Blocked by Sami Vatanen.
8:53 of 2nd period - Anders Lee is hit by Nick Bonino and loses puck.
9:13 of 2nd period - Icing by John Carlson.
9:14 of 2nd period - Nick Bonino wins face-off versus Eric Staal in Blackhawks zone.
9:21 of 2nd period - Snap shot by Brett Maclean.
9:21 of 2nd period - Deflect By Eric Staal.
9:21 of 2nd period - Shot Misses the Net.
9:21 of 2nd period - Puck is out of play.
9:22 of 2nd period - Jordan Staal wins face-off versus Alexander Semin in Flames zone.
9:31 of 2nd period - Slapshot by Johnny Gaudreau.
9:31 of 2nd period - Deflect By Jordan Staal.
9:31 of 2nd period - Stopped by Henrik Lundqvist without a rebound.
9:32 of 2nd period - Jordan Staal wins face-off versus Patrik Berglund in Flames zone.
9:43 of 2nd period - Wrist shot by Jordan Staal.
9:43 of 2nd period - Shot Blocked by Sami Vatanen.
9:53 of 2nd period - Slapshot by Rick Nash.
9:53 of 2nd period - Stopped by Henrik Lundqvist with a rebound.
9:55 of 2nd period - Snap shot by Calvin de Haan.
9:55 of 2nd period - Shot Blocked by Erik Johnson.
9:57 of 2nd period - Snap shot by Johnny Gaudreau.
9:57 of 2nd period - Stopped by Henrik Lundqvist with a rebound.
9:59 of 2nd period - Wrist shot by Rick Nash.
9:59 of 2nd period - Shot Blocked by Patrik Berglund.
10:01 of 2nd period - Slapshot by Calvin de Haan.
10:01 of 2nd period - Shot Blocked by Erik Johnson.
10:03 of 2nd period - Slapshot by Dalton Prout.
10:03 of 2nd period - Shot Misses the Net.
10:05 of 2nd period - Slapshot by Rick Nash.
10:05 of 2nd period - Shot Blocked by Jimmy Hayes.
10:07 of 2nd period - Slapshot by Rick Nash.
10:07 of 2nd period - Shot Blocked by Brad Marchand.
10:25 of 2nd period - Wrist shot by Jordan Staal.
10:25 of 2nd period - Stopped by Henrik Lundqvist with a rebound.
10:27 of 2nd period - Wrist shot by Jordan Staal.
10:27 of 2nd period - Deflect By Erik Johnson.
10:27 of 2nd period - Shot Misses the Net.
10:27 of 2nd period - Puck is out of play.
10:28 of 2nd period - Blake Wheeler wins face-off versus Eric Staal in Flames zone.
10:32 of 2nd period - Minor Penalty to Christian Folin for Holding.
10:33 of 2nd period - Patrik Berglund wins face-off versus Antoine Roussel in Flames zone.
11:44 of 2nd period - Icing by Dalton Prout.
11:45 of 2nd period - Alexander Semin wins face-off versus Derick Brassard in Blackhawks zone.
12:32 of 2nd period - Penalty to Christian Folin is over, Christian Folin is back on ice.
12:57 of 2nd period - Snap shot by Bryan Rust.
12:57 of 2nd period - Stopped by Tuukka Rask without a rebound.
12:58 of 2nd period - Eric Staal wins face-off versus Jordan Staal in Blackhawks zone.
13:01 of 2nd period - Wrist shot by David Backes.
13:01 of 2nd period - Shot Blocked by Rick Nash.
13:03 of 2nd period - Slapshot by Esa Lindell.
13:03 of 2nd period - Stopped by Tuukka Rask without a rebound.
13:04 of 2nd period - Jordan Staal wins face-off versus Eric Staal in Blackhawks zone.
13:31 of 2nd period - Christian Folin is hit by Antoine Roussel and loses puck.
14:49 of 2nd period - Snap shot by Eric Staal.
14:49 of 2nd period - Goal by Eric Staal - Flames : 4 - Blackhawks : 1.
14:50 of 2nd period - Eric Staal wins face-off versus Jordan Staal in neutral zone.
14:52 of 2nd period - Erik Johnson is hit by John Carlson and loses puck.
14:55 of 2nd period - Slapshot by Erik Johnson.
14:55 of 2nd period - Shot Misses the Net.
14:57 of 2nd period - Slapshot by David Backes.
14:57 of 2nd period - Stopped by Tuukka Rask with a rebound.
15:01 of 2nd period - Snap shot by David Backes.
15:01 of 2nd period - Stopped by Tuukka Rask with a rebound.
15:24 of 2nd period - Snap shot by Brad Marchand.
15:24 of 2nd period - Stopped by Tuukka Rask with a rebound.
16:12 of 2nd period - Wrist shot by Anders Lee.
16:12 of 2nd period - Deflect By Kyle Palmieri.
16:12 of 2nd period - Shot Blocked by Dalton Prout.
16:12 of 2nd period - Puck is out of play.
16:13 of 2nd period - Derick Brassard wins face-off versus Eric Staal in Blackhawks zone.
16:29 of 2nd period - Wrist shot by David Backes.
16:29 of 2nd period - Deflect By Eric Staal.
16:29 of 2nd period - Stopped by Tuukka Rask without a rebound.
16:30 of 2nd period - Jordan Staal wins face-off versus Patrik Berglund in Blackhawks zone.
17:05 of 2nd period - Wrist shot by David Backes.
17:05 of 2nd period - Stopped by Tuukka Rask with a rebound.
17:07 of 2nd period - Backhand shot by Eric Staal.
17:07 of 2nd period - Stopped by Tuukka Rask with a rebound.
17:09 of 2nd period - Wrist shot by David Backes.
17:09 of 2nd period - Stopped by Tuukka Rask with a rebound.
18:27 of 2nd period - Alexander Semin is hit by John Carlson and loses puck.
18:58 of 2nd period - Snap shot by John Carlson.
18:58 of 2nd period - Deflect By Christian Folin.
18:58 of 2nd period - Stopped by Henrik Lundqvist with a rebound.
19:10 of 2nd period - Slapshot by Esa Lindell.
19:10 of 2nd period - Deflect By Tanner Pearson.
19:10 of 2nd period - Shot Misses the Net.
19:10 of 2nd period - Puck is out of play.
19:11 of 2nd period - Jordan Staal wins face-off versus Colin Wilson in Blackhawks zone.
19:26 of 2nd period - Snap shot by Johnny Gaudreau.
19:26 of 2nd period - Stopped by Henrik Lundqvist without a rebound.
19:27 of 2nd period - Eric Staal wins face-off versus Garnet Hathaway in Flames zone.
19:27 of 2nd period - Eric Staal is hit by Matthew Spiller.
19:59 of 2nd period - Slapshot by Alexander Semin.
19:59 of 2nd period - Shot Misses the Net.
Goals for this period are 2 for Flames vs 0 for Blackhawks.
Shots for this period are 16 for Flames vs 10 for Blackhawks.
3rd period
0:01 of 3rd period - Eric Staal wins face-off versus Rick Nash in neutral zone.
0:37 of 3rd period - Snap shot by Blake Wheeler.
0:37 of 3rd period - Shot Blocked by Sami Vatanen.
1:02 of 3rd period - Snap shot by Alexander Frolov.
1:02 of 3rd period - Stopped by Henrik Lundqvist with a rebound.
1:18 of 3rd period - Matthew Spiller is hit by Tanner Pearson and loses puck.
2:13 of 3rd period - Minor Penalty to Christian Folin for Roughing.
2:14 of 3rd period - Patrik Berglund wins face-off versus Jordan Staal in Flames zone.
2:40 of 3rd period - Calvin de Haan is hit by Erik Johnson and loses puck.
3:30 of 3rd period - Icing by Jamie McBain.
3:31 of 3rd period - Alexander Semin wins face-off versus Jordan Staal in Blackhawks zone.
3:41 of 3rd period - Minor Penalty to Rick Nash for High sticking.
3:42 of 3rd period - Eric Staal wins face-off versus Jordan Staal in Blackhawks zone.
3:50 of 3rd period - Wrist shot by Eric Staal.
3:50 of 3rd period - Stopped by Tuukka Rask with a rebound.
3:58 of 3rd period - David Backes is hit by John Carlson.
4:13 of 3rd period - Penalty to Christian Folin is over, Christian Folin is back on ice.
4:20 of 3rd period - Christian Folin is hit by Johnny Gaudreau and loses puck.
4:31 of 3rd period - Snap shot by Patrik Berglund.
4:31 of 3rd period - Shot Misses the Net.
5:41 of 3rd period - Penalty to Rick Nash is over, Rick Nash is back on ice.
5:57 of 3rd period - Slapshot by Tom Wilson.
5:57 of 3rd period - Shot Hit the Post.
8:22 of 3rd period - Eric Staal is hit by John Carlson and loses puck.
8:43 of 3rd period - James Wright is hit by Patrik Berglund and loses puck.
8:50 of 3rd period - Patrik Berglund is hit by John Carlson and loses puck.
9:35 of 3rd period - Colin Wilson is hit by Blake Wheeler and loses puck.
10:17 of 3rd period - Slapshot by Brett Maclean.
10:17 of 3rd period - Stopped by Henrik Lundqvist without a rebound.
10:18 of 3rd period - Johnny Gaudreau wins face-off versus Anders Lee in Flames zone.
10:21 of 3rd period - Wrist shot by Johnny Gaudreau.
10:21 of 3rd period - Shot Misses the Net.
10:23 of 3rd period - Snap shot by Rick Nash.
10:23 of 3rd period - Stopped by Henrik Lundqvist with a rebound.
10:25 of 3rd period - Wrist shot by Johnny Gaudreau.
10:25 of 3rd period - Stopped by Henrik Lundqvist without a rebound.
10:26 of 3rd period - Eric Staal wins face-off versus Jordan Staal in Flames zone.
10:39 of 3rd period - Icing by Johnny Gaudreau.
10:40 of 3rd period - Jordan Staal wins face-off versus Eric Staal in Blackhawks zone.
12:01 of 3rd period - Slapshot by Esa Lindell.
12:01 of 3rd period - Shot Misses the Net.
12:35 of 3rd period - Slapshot by Esa Lindell.
12:35 of 3rd period - Stopped by Tuukka Rask with a rebound.
12:43 of 3rd period - Slapshot by John Carlson.
12:43 of 3rd period - Deflect By Jimmy Hayes.
12:43 of 3rd period - Stopped by Henrik Lundqvist without a rebound.
12:44 of 3rd period - James Wright wins face-off versus Patrik Berglund in Flames zone.
12:53 of 3rd period - Snap shot by James Wright.
12:53 of 3rd period - Shot Blocked by Sami Vatanen.
12:59 of 3rd period - Slapshot by Erik Johnson.
12:59 of 3rd period - Shot Blocked by Alexander Frolov.
13:05 of 3rd period - Minor Penalty to Alexander Frolov for Slashing.
13:06 of 3rd period - Eric Staal wins face-off versus Jordan Staal in Blackhawks zone.
15:05 of 3rd period - Penalty to Alexander Frolov is over, Alexander Frolov is back on ice.
15:25 of 3rd period - Snap shot by Tom Wilson.
15:25 of 3rd period - Shot Blocked by Kyle Palmieri.
15:27 of 3rd period - Snap shot by Tom Wilson.
15:27 of 3rd period - Deflect By Brett Maclean.
15:27 of 3rd period - Goal by Brett Maclean - Flames : 4 - Blackhawks : 2.
15:28 of 3rd period - Colin Wilson wins face-off versus James Wright in neutral zone.
16:22 of 3rd period - Snap shot by Brad Marchand.
16:22 of 3rd period - Shot Misses the Net.
16:24 of 3rd period - Slapshot by Brendan Mikkelson.
16:24 of 3rd period - Shot Misses the Net.
16:38 of 3rd period - Snap shot by Nick Bonino.
16:38 of 3rd period - Stopped by Henrik Lundqvist without a rebound.
16:39 of 3rd period - Nick Bonino wins face-off versus Bryan Rust in Flames zone.
16:56 of 3rd period - Backhand shot by Brett Maclean.
16:56 of 3rd period - Stopped by Henrik Lundqvist with a rebound.
17:32 of 3rd period - Slapshot by Jimmy Hayes.
17:32 of 3rd period - Shot Blocked by Nikita Zadorov.
17:34 of 3rd period - Snap shot by Jimmy Hayes.
17:34 of 3rd period - Stopped by Tuukka Rask without a rebound.
17:34 of 3rd period - Minor Penalty to Tuukka Rask for Delaying the game.
17:35 of 3rd period - Jordan Staal wins face-off versus Eric Staal in Blackhawks zone.
17:48 of 3rd period - Snap shot by David Backes.
17:48 of 3rd period - Stopped by Tuukka Rask without a rebound.
17:49 of 3rd period - Alexander Semin wins face-off versus Johnny Gaudreau in Blackhawks zone.
17:56 of 3rd period - Snap shot by David Backes.
17:56 of 3rd period - Shot Misses the Net.
17:58 of 3rd period - Slapshot by Sami Vatanen.
17:58 of 3rd period - Shot Misses the Net.
18:00 of 3rd period - Snap shot by Eric Staal.
18:00 of 3rd period - Stopped by Tuukka Rask with a rebound.
18:02 of 3rd period - Snap shot by Eric Staal.
18:02 of 3rd period - Goal by Eric Staal - Flames : 5 - Blackhawks : 2.
18:03 of 3rd period - Jordan Staal wins face-off versus Eric Staal in neutral zone.
18:14 of 3rd period - Snap shot by Erik Johnson.
18:14 of 3rd period - Shot Blocked by John Carlson.
18:44 of 3rd period - Bryan Rust is hit by Jordan Staal and loses puck.
19:03 of 3rd period - Wrist shot by Colin Wilson.
19:03 of 3rd period - Shot Misses the Net.
19:05 of 3rd period - Slapshot by Colin Wilson.
19:05 of 3rd period - Stopped by Tuukka Rask with a rebound.
19:07 of 3rd period - Slapshot by Colin Wilson.
19:07 of 3rd period - Shot Blocked by Johnny Gaudreau.
Goals for this period are 1 for Flames vs 1 for Blackhawks.
Shots for this period are 7 for Flames vs 8 for Blackhawks.
Output by the SimonT Hockey Simulator (STHS) for Francois Prevost